 Dungeon Crawl Stone Soup version 0.23-a0-189-gc87c613 (webtiles) character file.

21 Felrender the Magician (level 2, 24/26 HPs)
             Began as a Gnoll Wanderer on Sept 23, 2018.
             Quit the game on level 1 of the Dungeon on Sept 24, 2018.
             The game lasted 00:01:04 (406 turns).

Felrender the Magician (Gnoll Wanderer)              Turns: 406, Time: 00:01:05

Health: 24/26      AC:  2    Str: 14    XL:     2   Next: 83%
Magic:  7/7        EV: 11    Int: 15    God:
Gold:   11         SH:  0    Dex: 13    Spells: 10/10 levels left

rFire    . . .     SeeInvis .   e - +0 dagger (venom)
rCold    . . .     Gourm    .   (no shield)
rNeg     . . .     Faith    .   d - +0 robe
rPois    .         Spirit   .   (no helmet)
rElec    .         Reflect  .   (no cloak)
rCorr    .         Harm     .   (no gloves)
MR       .....                  (no boots)
Stlth    +.........             (no amulet)
HPRegen  0.08/turn              (no ring)
MPRegen  0.10/turn              (no ring)

@: no status effects
A: distributed training, fangs 1, strong nose
a: no special abilities


You were on level 1 of the Dungeon.
You were not hungry.

You visited 1 branch of the dungeon, and saw 1 of its levels.

You collected 11 gold pieces.

Inventory:

Hand Weapons
 c - a +0 hand axe
 e - a +0 dagger of venom (weapon)
Armour
 d - a +0 robe (worn)
Scrolls
 a - a scroll of enchant weapon {unknown}
Comestibles
 f - a ration


   Skills:
 + Level 4.5 Fighting
 + Level 0.5 Short Blades
 + Level 0.5 Long Blades
 + Level 2.5 Axes
 + Level 0.5 Maces & Flails
 + Level 0.5 Polearms
 + Level 0.5 Staves
 + Level 0.5 Slings
 + Level 0.5 Bows
 + Level 0.5 Crossbows
 + Level 2.5 Throwing
 + Level 0.5 Armour
 + Level 0.5 Dodging
 + Level 0.5 Stealth
 + Level 2.5 Shields
 + Level 0.5 Unarmed Combat
 + Level 4.9 Spellcasting
 + Level 0.3 Conjurations
 + Level 0.3 Hexes
 + Level 0.3 Charms
 + Level 0.3 Summonings
 + Level 0.3 Necromancy
 + Level 2.0 Translocations
 + Level 0.3 Transmutations
 + Level 0.3 Fire Magic
 + Level 0.3 Ice Magic
 + Level 0.3 Air Magic
 + Level 0.3 Earth Magic
 + Level 3.7 Poison Magic
 + Level 0.6 Invocations
 + Level 0.5 Evocations


You had 10 spell levels left.
You didn't know any spells.
Your spell library contained the following spells:

 Spells                   Type           Power        Failure   Level  Hunger
 Blink                    Tloc           N/A          11%         2    ##.....
 Freeze                   Ice            #...         14%         1    None
 Shroud of Golubria       Chrm/Tloc      #.........   16%         2    ##.....
 Gell's Gravitas          Tloc           #.........   22%         3    ###....
 Lesser Beckoning         Tloc           #.........   22%         3    ###....
 Teleport Other           Tloc           #.......     22%         3    ###....
 Ozocubu's Armour         Chrm/Ice       #.......     38%         3    ###....
 Passage of Golubria      Tloc           N/A          56%         4    ####...


Dungeon Overview and Level Annotations

Branches:
Dungeon (1/15)

Altars:


Innate Abilities, Weirdness & Mutations

Your experience applies equally to all skills.
You have very sharp teeth.
Your uncanny sense of smell can sniff out nearby items.


Message History

The ball python is severely wounded.
The ball python bites you. The ball python constricts you.
You hit the ball python.
You kill the ball python!
A giant cockroach comes into view.
The giant cockroach moves out of view.
Found 16 gold pieces.
A rat comes into view.
Found a pearl ring.
There are monsters nearby!
Welcome back, Felrender the Gnoll Wanderer.
Press ? for a list of commands and other information.
You hit the rat but do no damage.
The rat is poisoned.
You kill the rat!
The giant cockroach bites you. The giant cockroach bites you.
The giant cockroach misses you.
The giant cockroach bites you but does no damage.
The giant cockroach closely misses you.
Are you sure you want to abandon this character and quit the game? (Confirm

.. #.......# ....
#.......# ... #.......#
+##.#######.......########
..........................
..........................
.#.....###########.#######
.................s........
.#.....#########@......###
..#.#.......# #.......#
............# #.......#
..#.#.......# #...$...#
..#.#.......# ###.##### #
#.#.####### #.# #.#.# ..=
#.#.# ######### #.#.#
##..§.§..##


You could see a giant cockroach.

Vanquished Creatures
  A gnoll (D:1)
  A hobgoblin (D:1)
  4 jackals (D:1)
  A ball python (D:1)
  A frilled lizard (D:1)
  2 kobolds (D:1)
  2 rats (D:1)
12 creatures vanquished.

Notes
Turn   | Place    | Note
-------+----------+-------------------------------------------
     0 | D:1      | Felrender the Gnoll Wanderer began the quest for the Orb.
     0 | D:1      | Felrender set off with: a +0 hand axe, a +0 robe, a ration
     0 | D:1      | Reached XP level 1. HP: 20/20 MP: 6/6
    53 | D:1      | Reached XP level 2. HP: 6/26 MP: 7/7
   406 | D:1      | Quit the game

Vault maps used:
D:1:      shiori_arrival_elements, kennysheep_flooded_box, minmay_hexomino_c4

Skill      XL: |  1 |
---------------+----+-----
Translocations | 2 |  2.0
Fighting       | |  4.5
Short Blades   | |  0.5
Long Blades    | |  0.5
Axes           | |  2.5
Maces & Flails | |  0.5
Polearms       | |  0.5
Staves         | |  0.5
Slings         | |  0.5
Bows           | |  0.5
Crossbows      | |  0.5
Throwing       | |  2.5
Armour         | |  0.5
Dodging        | |  0.5
Stealth        | |  0.5
Shields        | |  2.5
Unarmed Combat | |  0.5
Spellcasting   | |  4.9
Conjurations   | |  0.3
Hexes          | |  0.3
Charms         | |  0.3
Summonings     | |  0.3
Necromancy     | |  0.3
Transmutations | |  0.3
Fire Magic     | |  0.3
Ice Magic      | |  0.3
Air Magic      | |  0.3
Earth Magic    | |  0.3
Poison Magic   | |  3.7
Invocations    | |  0.6
Evocations     | |  0.5

Action                   || total
-------------------------++-------
Melee: Hand axe          ||    14
       Bite              ||     1
       Dagger            ||     9
Armor: Robe              ||     6
Dodge: Dodged            ||    10

Table legend:
 A = Non-vault XP
 B = Vault XP
 C = Vault XP percentage of total XP
 D = Non-vault monster count
 E = Vault monster count
 F = Vault count percentage of total count
                 A         B        C        D         E       F
            +---------+---------+-------+---------+---------+-------
      Total |      30 |       0 |   0.0 |      12 |       0 |   0.0
            +---------+---------+-------+---------+---------+-------
        D:1 |      30 |       0 |   0.0 |      12 |       0 |   0.0
            +---------+---------+-------+---------+---------+-------
